 Dungeon Crawl Stone Soup version 0.20.1-1-g8b1a95d (webtiles) character file.

224 greprep the Skirmisher (level 5, -3/50 HPs)
             Began as a Minotaur Fighter on Aug 4, 2017.
             Slain by a two-headed ogre
             ... wielding a +0 giant club
              (17 damage)
             ... on level 4 of the Dungeon.
             The game lasted 00:05:01 (3539 turns).

greprep the Skirmisher (Minotaur Fighter)           Turns: 3539, Time: 00:05:01

Health: -3/50      AC:  7    Str: 26    XL:     5   Next: 67%
Magic:  4/4        EV:  7    Int:  5    God:
Gold:   18         SH: 10    Dex: 14    Spells: 4/4 levels left

rFire    . . .     SeeInvis .   a - +0 flail
rCold    x . .     Gourm    .   c - +0 shield
rNeg     . . .     Faith    .   b - +0 scale mail
rPois    +         Spirit   .   (helmet restricted)
rElec    .         Reflect  .   (no cloak)
rCorr    .         Harm     .   (no gloves)
MR       +....                  (no boots)
Stlth    ..........             (no amulet)
Regen    0.2/turn               t - ring "Tucylib" {MR+ Dex+3}
MPRegen  0.1/turn               r - ring of Kuffausuam {rPois rC- Str+6 Slay+2}

@: no status effects
A: retaliatory headbutt, horns 2
a: no special abilities


You were on level 4 of the Dungeon.
You were not hungry.

You visited 1 branch of the dungeon, and saw 4 of its levels.

You collected 148 gold pieces.
You spent 130 gold pieces at shops.

Inventory:

Hand Weapons
 a - a +0 flail (weapon)
Armour
 b - a +0 scale mail (worn)
 c - a +0 shield (worn)
Jewellery
 p - an uncursed ring of protection from fire
 r - the ring of Kuffausuam (right hand) {rPois rC- Str+6 Slay+2}
   (You found it on level 4 of the Dungeon)

   [ring of strength]

   It affects your strength (+6).
   It affects your accuracy and damage with ranged weapons and melee attacks
   (+2).
   It makes you vulnerable to cold.
   It protects you from poison.
 t - the ring "Tucylib" (left hand) {MR+ Dex+3}
   (You bought it in a shop on level 4 of the Dungeon)

   [ring of protection from magic]

   It affects your dexterity (+3).
   It affects your resistance to hostile enchantments.
Scrolls
 e - 4 scrolls of identify {unknown}
 g - 3 scrolls of amnesia {unknown}
 h - a scroll of enchant armour {unknown}
 j - 2 scrolls of magic mapping {unknown}
 k - 2 scrolls of noise {unknown}
 l - 2 scrolls of remove curse {unknown}
 o - a scroll of blinking {unknown}
 v - a scroll of teleportation {unknown}
Potions
 d - a potion of might
 n - a potion of heal wounds {unknown}
 q - a potion of agility {unknown}
 s - 2 potions of mutation {unknown}
Books
 u - a book of Misfortune

   Spells                             Type                      Level
   a - Confusing Touch                Hexes                        1
   b - Confuse                        Hexes                        3
   c - Gell's Gravitas                Translocation                3
   d - Petrify                        Transmutation/Earth          4
   e - Metabolic Englaciation         Hexes/Ice                    5
   f - Yara's Violent Unravelling     Hexes/Transmutation          5
Comestibles
 f - 2 bread rations
 i - 2 meat rations
 m - 5 royal jellies


   Skills:
 + Level 5.8 Fighting
 + Level 5.5 Maces & Flails
 - Level 3.7 Armour
 - Level 3.6 Shields


You had 4 spell levels left.
You didn't know any spells.

Dungeon Overview and Level Annotations

Branches:
Dungeon (4/15)
 Temple: D:4-7

Altars:
Elyvilon
Fedhas
Ru
Uskayaw
Xom
The Shining One

Shops:
D:4 (*


Innate Abilities, Weirdness & Mutations

You reflexively headbutt those who attack you in melee.
You have a pair of horns on your head.


Message History

Found 13 gold pieces.
You barely miss the two-headed ogre.
You headbutt the two-headed ogre, but do no damage.
The two-headed ogre hits you with a giant club!
The two-headed ogre hits you with a giant club.
You hit the two-headed ogre but do no damage.
You headbutt the two-headed ogre!
The two-headed ogre is moderately wounded.
You block the two-headed ogre's attack.
The two-headed ogre hits you with a giant club!
You hit the two-headed ogre.
You headbutt the two-headed ogre, but do no damage.
The two-headed ogre is moderately wounded.
The two-headed ogre hits you with a giant club!
* * * LOW HITPOINT WARNING * * *
The two-headed ogre closely misses you.
You hit the two-headed ogre. You headbutt the two-headed ogre.
The two-headed ogre is heavily wounded.
The two-headed ogre hits you with a giant club!
You die...

# ###..>..##...# .....#
###...###...#..###.....#
.##.######.............#
.##....................#
.....#####..####.......##
....## #.. ##........
..### #... ##........#
#.## #.# #.........# #..#
#. #.@........ ##.#####
#..).O....... .......#
##..........# ....∩..#
#..........# .......#
..........## .......#
###......... .......#
#......... .......#
#........$ .......#


You could see a two-headed ogre.

Vanquished Creatures
  A scorpion (D:4)
  2 worker ants (D:4)
  An orc wizard (D:4)
  3 adders
  An ooze (D:2)
  4 worms
  4 dart slugs
  2 leopard geckos
  2 orcs
  2 giant cockroaches
  5 hobgoblins
  5 kobolds
  A quokka (D:2)
  2 ball pythons
  6 bats
  5 frilled lizards
  4 goblins
  11 rats
61 creatures vanquished.

Notes
Turn   | Place    | Note
-------+----------+-------------------------------------------
     0 | D:1      | greprep the Minotaur Fighter began the quest for the Orb.
     0 | D:1      | Reached XP level 1. HP: 19/19 MP: 0/0
   100 | D:1      | Reached XP level 2. HP: 22/27 MP: 1/1
   825 | D:2      | Reached XP level 3. HP: 26/33 MP: 2/2
  1126 | D:2      | Found a white marble altar of Elyvilon.
  1439 | D:2      | Found a faded altar of an unknown god.
  1439 | D:2      | Found a faded altar of an unknown god.
  1445 | D:2      | Found a blossoming altar of Fedhas.
  1447 | D:2      | Found a shimmering altar of Xom.
  1449 | D:2      | Found a hide-covered altar of Uskayaw.
  2020 | D:3      | Reached XP level 4. HP: 41/41 MP: 3/3
  2310 | D:3      | Found a glowing golden altar of the Shining One.
  3032 | D:4      | Got a twitching steel ring
  3033 | D:4      | Identified the ring of Kuffausuam {rPois rC- Str+6 Slay+2} (You found it on level 4 of the Dungeon)
  3048 | D:4      | Found a sacrificial altar of Ru.
  3059 | D:4      | Reached skill level 5 in Fighting
  3178 | D:4      | Found Quhy's Assorted Antiques.
  3183 | D:4      | Bought a vibrating platinum ring for 130 gold pieces
  3184 | D:4      | Identified the ring "Tucylib" {MR+ Dex+3} (You bought it in a shop on level 4 of the Dungeon)
  3243 | D:4      | Found Ponus's Weapon Emporium.
  3279 | D:4      | Reached XP level 5. HP: 48/48 MP: 4/4
  3294 | D:4      | Reached skill level 5 in Maces & Flails
  3531 | D:4      | Noticed a two-headed ogre
  3539 | D:4      | Slain by a two-headed ogre

Skill      XL: |  1  2  3  4  5 |
---------------+----------------+-----
Fighting       | 4 5 |  5.8
Maces & Flails | 3 4 5 |  5.5
Armour         | |  3.7
Shields        | |  3.6

Action                   |  1- 3 |  4- 6 || total
-------------------------+-------+-------++-------
Melee: Flail             |    83 |    70 ||   153
       Headbutt          |    12 |    18 ||    30
 Stab: Paralysed         |       |     1 ||     1
  Eat: Chunk             |     3 |     5 ||     8
Armor: Scale mail        |    33 |    24 ||    57
Dodge: Dodged            |    23 |    16 ||    39
Block: Shield            |    34 |    26 ||    60
